 Dungeon Crawl Stone Soup version 0.28.0 (webtiles) character file.

Game seed: 5655755111365236165

77 Morbidden the Sneak (level 4, -1/34 HPs)
             Began as a Demonspawn Brigand on Feb 7, 2022.
             Succumbed to an adder's poison
             ... on level 3 of the Dungeon.
             The game lasted 00:02:20 (2567 turns).

Morbidden the Sneak (Demonspawn Brigand)            Turns: 2567, Time: 00:02:21

Health: -1/34      AC:  6    Str: 11    XL:     4   Next: 14%
Magic:  8/14       EV: 12    Int: 15    God:
Gold:   91         SH:  0    Dex: 14    Spells: 4/5 levels left

rFire   . . .      SeeInvis .   a - +2 dagger
rCold   . . .      Faith    .   (no shield)
rNeg    . . .      Spirit   .   b - +0 robe
rPois   .          Reflect  .   (no helmet)
rElec   .          Harm     .   c - +0 cloak
rCorr   .          Rampage  .   (no gloves)
Will    .....                   (no boots)
Stlth   +++.......              (no amulet)
HPRegen 0.11/turn               f - ring of magical power
MPRegen 0.14/turn               (no ring)

@: lethally poisoned (-1 -> -10), very slightly contaminated
A: molten scales 2
a: no special abilities


You were on level 3 of the Dungeon.
You visited 1 branch of the dungeon, and saw 3 of its levels.

You collected 91 gold pieces.

Inventory:

Hand Weapons
 a - a +2 dagger (weapon)
Missiles
 d - 10 poisoned darts (quivered)
 e - 2 curare-tipped darts
 j - a throwing net
 m - 2 atropa-tipped darts
Armour
 b - a +0 robe (worn)
 c - a +0 cloak (worn)
Jewellery
 f - a ring of magical power (left hand)
Wands
 o - a wand of flame (7)
Scrolls
 g - 3 scrolls of identify {unknown}
 i - a scroll of fear {unknown}
 k - a scroll of noise {unknown}
 l - a scroll of teleportation {unknown}
Potions
 h - a potion of curing {unknown}
 n - a potion of heal wounds {unknown}


   Skills:
 * Level 2.4 Fighting
 * Level 2.2 Short Blades
 + Level 1.7 Throwing
 * Level 1.1 Dodging
 + Level 4.4 Stealth
 * Level 1.0 Spellcasting
 * Level 1.1 Necromancy


You had 4 spell levels left.
You knew the following spells:

 Your Spells              Type           Power      Damage    Failure   Level
a - Pain                  Necr           16%        1d4       16%         1

Your spell library contained the following spells:

 Spells                   Type           Power      Damage    Failure   Level
 Animate Skeleton         Necr           8%         N/A       16%         1
 Vampiric Draining        Necr           4%         2d6       43%         3


Dungeon Overview and Level Annotations

Branches:
Dungeon (3/15)

Altars:


Innate Abilities, Weirdness & Mutations

You are mostly covered in molten scales. (AC +3)


Message History

You are too injured to fight recklessly!
You are too injured to fight recklessly!
Casting: Pain (safe; 16% risk of failure)
Confirm with . or Enter, or press ? or * to list all spells.
Aiming: Pain (safe; 16% risk of failure)
Press: ? - help, Shift-Dir - straight line, f - adder
Aim: an adder (lightly wounded, chance to affect: 56%)
The adder resists with significant effort.
* * * LOW HITPOINT WARNING * * *
You feel sick. The adder barely misses you.
Casting: Pain (safe; 16% risk of failure)
Confirm with . or Enter, or press ? or * to list all spells.
Aiming: Pain (safe; 16% risk of failure)
Press: ? - help, Shift-Dir - straight line, f/p - adder
Aim: an adder (lightly wounded, chance to affect: 56%)
The adder writhes in agony.
* * * LOW HITPOINT WARNING * * *
You feel sick. The adder closely misses you.
Unknown command.
Unknown command.
Casting: Pain (safe; 16% risk of failure)
Confirm with . or Enter, or press ? or * to list all spells.
Aiming: Pain (safe; 16% risk of failure)
Press: ? - help, Shift-Dir - straight line, f/p - adder
Aim: an adder (lightly wounded, chance to affect: 56%)
You miscast Pain.
You are very lightly contaminated with residual magic.
Nothing appears to happen.
* * * LOW HITPOINT WARNING * * *
You feel sick. The adder bites you.
* * * LOW HITPOINT WARNING * * *
You are more poisoned.
The adder poisons you!
Casting: Pain (safe; 16% risk of failure)
Confirm with . or Enter, or press ? or * to list all spells.
Aiming: Pain (safe; 16% risk of failure)
Press: ? - help, Shift-Dir - straight line, f/p - adder
Aim: an adder (lightly wounded, chance to affect: 56%)
The adder resists with significant effort.
You die...

..#.#. #.#
......###.#
........#.#####
............... .
#)..#####..
..#.##<.........
.........).......
.###.####........
.. #@....... ...
#..S)....... ..
#.....?..... .
....<........
...##..........
.. #.......... .
...##.##### .#..
..


You could see an adder.

Vanquished Creatures
  Ijyb (D:2)
  An adder (D:2)
  A ball python (D:1)
  3 bats
  9 endoplasms
  5 giant cockroaches
  4 goblins
  4 hobgoblins
  4 kobolds
  A quokka (D:2)
  4 frilled lizards
  2 rats (D:2)
39 creatures vanquished.

Vanquished Creatures (others)
  2 fungi (D:1)
  2 plants (D:1)
4 creatures vanquished.

Grand Total: 43 creatures vanquished

Notes
Turn   | Place    | Note
-------+----------+-------------------------------------------
     0 | D:1      | Morbidden the Demonspawn Brigand began the quest for the
                  | Orb.
     0 | D:1      | Reached XP level 1. HP: 16/16 MP: 1/1
   242 | D:1      | Reached skill level 4 in Stealth
   362 | D:1      | Gained mutation: You are partially covered in molten
                  | scales. (AC +2) [demonic ancestry]
   362 | D:1      | Reached XP level 2. HP: 22/22 MP: 2/2
   420 | D:1      | Learned a level 1 spell: Pain
   605 | D:1      | Found a faded altar of an unknown god.
  1334 | D:2      | Gained mutation: You are mostly covered in molten scales.
                  | (AC +3) [demonic ancestry]
  1334 | D:2      | Reached XP level 3. HP: 27/27 MP: 3/3
  2063 | D:2      | Reached skill level 1 in Dodging
  2171 | D:3      | Noticed Ijyb
  2185 | D:2      | Killed Ijyb
  2186 | D:2      | Reached skill level 1 in Spellcasting
  2186 | D:2      | Reached skill level 1 in Necromancy
  2186 | D:2      | Reached XP level 4. HP: 7/34 MP: 4/5
  2566 | D:3      | HP: 1/34 [adder (1)]
  2567 | D:3      | Succumbed to an adder's poison

Illustrated notes

Levels and vault maps discovered:
D:1:      scummos_arrival_simple_fountains, layout_loops_ring,
          dreamdust_ecumenical_altar_grove, minmay_statues_item,
          minmay_misc_feat_x
D:2:      layout_basic, minmay_misc_feat_ornament
D:3:      layout_rooms, uniq_natasha, uniq_terence, uniq_ijyb, uniq_sigmund

Skill      XL: |  1  2  3 |
---------------+----------+-----
Stealth        | 4 |  4.4
Short Blades   | 2 |  2.2
Dodging        | 1 |  1.1
Spellcasting   | 1 |  1.0
Necromancy     | 1 |  1.1
Fighting       | |  2.4
Throwing       | |  1.7

Action                   |  1- 3 |  4- 6 || total
-------------------------+-------+-------++-------
Melee: Dagger            |    93 |     7 ||   100
       Punch             |     1 |       ||     1
 Cast: Pain              |    17 |    13 ||    30
 Stab: Sleeping          |     8 |       ||     8
Armor: Robe              |    24 |     7 ||    31
Dodge: Dodged            |    43 |    12 ||    55
